 Dungeon Crawl Stone Soup version 0.26-a0-651-gb41185065b (console) character file.

Game seed: 10913592774922759433

29 nht the Sneak (level 3, -1/31 HPs)
             Began as a Ghoul Delver on Oct 12, 2020.
             Slain by a goblin zombie (3 damage)
             ... in an ossuary.
             The game lasted 00:02:50 (283 turns).

nht the Sneak (Ghoul Delver)                         Turns: 283, Time: 00:02:51

Health: -1/31      AC:  3    Str: 15    XL:     3   Next: 16%
Magic:  2/2        EV: 11    Int:  6    God:
Gold:   34         SH:  3    Dex: 10    Spells: 2/2 levels left

rFire    . . .     SeeInvis .     - Unarmed
rCold    + . .     Faith    .   h - +0 buckler
rNeg     + + +     Spirit   .   a - +0 leather armour
rPois    ∞         Reflect  .   (no helmet)
rElec    .         Harm     .   (no cloak)
rCorr    .         Rampage  .   (no gloves)
MR       .....                  (no boots)
Stlth    +++.......             (no amulet)
HPRegen  0.00/turn              (no ring)
MPRegen  0.08/turn              (no ring)

@: no status effects
A: rotting body, claws 1, cold resistance 1, negative energy resistance 3,
inhibited regeneration, torment resistance, unbreathing
a: no special abilities


You were in an ossuary.
You visited 1 branch of the dungeon, and saw 1 of its levels.
You also visited: Ossuary.

You collected 34 gold pieces.

Inventory:

Armour
 a - a +0 leather armour (worn)
 h - a +0 buckler (worn)
Wands
 f - a wand of digging (3)
Scrolls
 b - a scroll of fog
 d - a scroll of fear
Potions
 e - a potion of haste


   Skills:
 - Level 3.2 Fighting
 - Level 1.7 Dodging
 - Level 5.4 Stealth
 + Level 3.9 Unarmed Combat


You had 2 spell levels left.
You didn't know any spells.
Your spell library was empty.

Dungeon Overview and Level Annotations

Branches:
Dungeon (5/15)            Ossuary (1/1)
 Temple: D:4-7

Altars:


Innate Abilities, Weirdness & Mutations

Your body is rotting away.
You thrive by killing the living.
You are immune to poison.
You have sharp fingernails.
Your flesh is cold resistant. (rC+)
You are immune to negative energy. (rN+++)
You do not regenerate when monsters are visible.
You are immune to unholy pain and torment.
You can survive without breathing.


Message History

Press: ? - help, v - describe, . - travel
Here: a gnoll zombie The floor.
A kobold skeleton comes into view.
Okay, then.
As you read the scroll labeled OPRORY SEFRAIS, it crumbles to dust.
You hear a loud clanging noise!
It was a scroll of noise.
Enter note: this is shit The gnoll zombie hits you.
* * * LOW HITPOINT WARNING * * *
You claw the gnoll zombie!
The gnoll zombie is heavily damaged.
The gnoll zombie hits you but does no damage.
You scratch the gnoll zombie.
The gnoll zombie is heavily damaged.
You claw the gnoll zombie!
You destroy the gnoll zombie!
The goblin zombie hits you.
You die...

██..██ ██..██ ██..██ ██..██
██..██ ██..██ ██..██
█..██████████████████████████████
...........^....@ZZZ........Z....


█████████████████████████████████ You could see 2 goblin zombies and an orc
zombie.

Vanquished Creatures
  An adder (D:5)
  A leopard gecko (D:5)
  2 gnoll skeletons (Ossuary)
  3 gnoll zombies (Ossuary)
  4 goblin skeletons (Ossuary)
  A goblin zombie (Ossuary)
  A hobgoblin skeleton (Ossuary)
  A hobgoblin zombie (Ossuary)
  A kobold skeleton (Ossuary)
  7 kobold zombies (Ossuary)
  An orc skeleton (Ossuary)
  2 orc zombies (Ossuary)
  2 rat skeletons (Ossuary)
  A rat zombie (Ossuary)
28 creatures vanquished.

Vanquished Creatures (others)
  A hobgoblin skeleton (Ossuary)
1 creature vanquished.

Grand Total: 29 creatures vanquished

Notes
Turn   | Place    | Note
-------+----------+-------------------------------------------
     0 | D:5      | nht the Ghoul Delver began the quest for the Orb.
     0 | D:5      | Reached XP level 1. HP: 19/19 MP: 0/0
    19 | D:5      | Reached XP level 2. HP: 21/26 MP: 1/1
    60 | D:5      | Found a sand-covered staircase.
    80 | Ossuary  | Entered an ossuary
   199 | Ossuary  | Reached XP level 3. HP: 16/31 MP: 2/2
   277 | Ossuary  | this is shit
   283 | Ossuary  | Slain by a goblin zombie

Illustrated notes

██..██ ██..██ ██..██ ██..██
██..██ ██..██ ██..██
██..██████████████████████████
█...........^@.....ZZ........Z


██████████████████████████████ Turn 277 on Ossuary: this is shit

Levels and vault maps discovered:
D:5:      layout_cave_pools, chequers_temple_overflow_statue_of_worship,
          nicolae_ossuary_entry_monument, grunt_ministairs_4, uniq_edmund
Ossuary:  ossuary_due_pyramid

Skill      XL: |  1 |
---------------+----+-----
Unarmed Combat | 3 |  3.9
Fighting       | |  3.2
Dodging        | |  1.7
Stealth        | |  5.4

Action                   || total
-------------------------++-------
Melee: Unarmed           ||    90
  Use: Scroll            ||     3
 Stab: Sleeping          ||     1
Armor: Leather armour    ||     6
Dodge: Dodged            ||    38
Block: Buckler           ||     3

Table legend: (Time is in decaauts)
 A = Elapsed time spent in this place.
 B = Non-inter-level travel time spent in this place.
 C = Inter-level travel time spent in this place.
 D = Time resting spent in this place.
 E = Time spent auto-exploring this place.
 F = Levels seen in this place.
 G = Mean time per level.
                   A        B        C        D        E       F      G
               +--------+--------+--------+--------+--------+-----+--------+
         Total |    279 |    279 |      0 |      0 |      0 |   2 |  139.5 |
       Dungeon |     79 |     79 |      0 |      0 |      0 |   1 |   79.0 |
       Ossuary |    199 |    199 |      0 |      0 |      0 |   1 |  199.0 |
               +--------+--------+--------+--------+--------+-----+--------+

Top non-repeatable levels by time:
 Ossuary: 199 daAuts
     D:5: 79 daAuts
